 Dungeon Crawl Stone Soup version 0.29-a0-221-gceb61267dd (console) character file.

Game seed: 9744273093005589879

1913 petzl the Magician (level 9, -1/66 (68) HPs)
             Began as a Formicid Arcane Marksman on Feb 26, 2022.
             Slain by an orc warrior
             ... wielding a +0 dire flail
              (14 damage)
             ... on level 10 of the Dungeon.
             The game lasted 00:36:03 (8609 turns).

petzl the Magician (Formicid Arcane Marksman)       Turns: 8609, Time: 00:36:05

HP:   -1/66 (68)    AC: 11    Str: 15    XL:     9   Next: 39%
MP:   17/18         EV: 11    Int: 23    God:
Gold: 321           SH:  0    Dex: 11    Spells: 19/20 levels left

rFire   + . .      SeeInvis +   a - +0 long sword (protect)
rCold   . . .      Faith    .   (no shield)
rNeg    . . .      Spirit   .   y - +0 ring mail {rF+}
rPois   .          Reflect  .   (helmet unavailable)
rElec   .          Harm     .   v - +2 cloak
rCorr   .          Rampage  .   (no gloves)
Will    .....                   N - +1 pair of boots
Stlth   ++........              (no amulet)
HPRegen 0.21/turn               P - +4 ring of slaying
MPRegen 0.16/turn               q - +6 ring of intelligence

@: lethally poisoned (-1 -> -3), lightly drained
A: permanent stasis, dig shafts and tunnels, antennae 3, four strong arms
a: Dig, Shaft Self


You were on level 10 of the Dungeon.
You visited 1 branch of the dungeon, and saw 10 of its levels.

You collected 321 gold pieces.

Inventory:

Hand Weapons
 a - a +0 long sword of protection (weapon)
 h - a +0 flail
 j - a +0 hand axe {!f =f}
 k - a +0 hand crossbow
 m - a +0 rapier
 s - a +3 vorpal dire flail
 u - a +0 short sword
 w - a +0 whip of electrocution
 C - a +0 spear of freezing {!f =f}
Missiles
 p - 132 stones (quivered)
 O - 6 atropa-tipped darts
Armour
 v - a +2 cloak (worn)
 y - a +0 ring mail of fire resistance (worn)
 E - a +0 leather armour of cold resistance
 N - a +1 pair of boots (worn)
Jewellery
 i - a ring of resist corrosion
 q - a +6 ring of intelligence (right hand)
 P - a +4 ring of slaying (left hand)
Wands
 K - a wand of polymorph (8)
 M - a wand of digging (9)
Scrolls
 c - 2 scrolls of noise {unknown}
 l - a scroll of acquirement
 o - a scroll of torment
 A - a scroll of silence {unknown}
 D - a scroll of blinking
 F - a scroll of enchant armour {unknown}
 H - a scroll of magic mapping {unknown}
 I - a scroll of teleportation {unknown}
 J - a scroll of brand weapon {unknown}
Potions
 b - a potion of might {unknown}
 d - a potion of curing
 e - a potion of magic {unknown}
 f - a potion of resistance {unknown}
 g - 2 potions of berserk rage {unknown}
 n - a potion of degeneration {unknown}
 r - a potion of lignification
 t - a potion of invisibility {unknown}
 x - a potion of brilliance {unknown}
 z - a potion of mutation {unknown}
 B - a potion of flight {unknown}
 G - a potion of cancellation {unknown}
 L - a potion of ambrosia {unknown}


   Skills:
 + Level 5.0 Fighting
 - Level 3.0 Long Blades
 - Level 2.0 Maces & Flails
 - Level 2.1 Crossbows
 - Level 4.0 Armour
 - Level 4.0 Dodging
 + Level 5.6 Stealth
 * Level 6.0 Spellcasting
 - Level 3.7 Hexes
 - Level 3.0 Evocations


You had 19 spell levels left.
You knew the following spells:

 Your Spells              Type           Power      Damage    Failure   Level
a - Slow                  Hex            96%        N/A       3%          1

Your spell library contained the following spells:

 Spells                   Type           Power      Damage    Failure   Level
 Confusing Touch          Hex            24%        N/A       10%         3
 Inner Flame              Hex/Fire       15%        N/A       22%         3
 Portal Projectile        Hex/Tloc       30%        N/A       22%         3
 Cause Fear               Hex            12%        N/A       32%         4
 Call Canine Familiar     Summ           6%         N/A       43%         3
 Gell's Gravitas          Tloc           6%         N/A       43%         3
 Teleport Other           Tloc           6%         N/A       43%         3
 Vampiric Draining        Necr           6%         2d6       43%         3
 Leda's Liquefaction      Hex/Erth       7%         N/A       58%         4
 Blade Hands              Tmut           3%         N/A       99%         5
 Excruciating Wounds      Necr           3%         N/A       99%         5
 Dispersal                Tloc           3%         N/A       100%        6


Dungeon Overview and Level Annotations

Branches:
Dungeon (9/15)
 Temple: D:4-7         Lair: D:8-11         Orc: D:9-12

Altars:
Fedhas
Gozag
Zin

Annotations:
D:3 Sigmund
D:4 Duvessa
D:5 1 runed translucent door, FludoriRambler's ghost, novice OgHu
D:7 Harold
D:8 exclusion: downstairs


Innate Abilities, Weirdness & Mutations

You cannot be hasted, slowed, berserked, paralysed or teleported.
You can dig through walls and to a lower floor.
You have a pair of large antennae on your head. (SInv)
Your four strong arms can wield two-handed weapons with a shield.


Message History

The killer bee poisons you!
Your Spellcasting skill increases to level 6!
You feel better. The killer bee misses you. The killer bee stings you.
You are poisoned.
The killer bee poisons you!
Unknown command.
Casting: Slow (safe; 3% risk of failure)
Confirm with . or Enter, or press ? or * to list all spells.
Aiming: Slow (safe; 3% risk of failure)
Press: ? - help, Shift-Dir - straight line, f - killer bee
Aim: a killer bee (chance to affect: 72%)
The killer bee seems to slow down.
You feel sick. The killer bee barely misses you. x2
You barely miss the killer bee.
You feel sick. The killer bee stings you.
You are more poisoned.
The killer bee poisons you!
You miss the killer bee.
You feel very sick. The killer bee stings you.
The killer bee stings you but does no damage.
Okay, then.
Unknown command.
Unknown command.
Are you sure you want to shaft yourself?
You feel sick. The killer bee stings you. The killer bee misses you.
You begin to dig a shaft.
You continue digging a shaft.
You feel sick. The killer bee stings you.
* * * LOW HITPOINT WARNING * * *
A shaft appears beneath you!
You fall into a shaft and drop 2 floors!
The shaft crumbles and collapses.
You feel sick.
Found 2 scrolls of blinking.
Are you sure you want to shaft yourself?
You feel sick.
You begin to dig a shaft.
You continue digging a shaft.
You feel sick.
The orc warrior shouts!
The orc priest shouts! x2
The orc warrior hits you with a +0 halberd.
* * * LOW HITPOINT WARNING * * *
The orc warrior hits you with a +0 dire flail!
You die... #+# #@# #ooo# #o?.# ##.## #+# {

You could see 2 orc warriors and 2 orc priests.

Vanquished Creatures
  Pikel (D:3)
  Eustachio (D:5)
  Menkaure (D:4)
  Edmund (D:4)
  A centaur (D:5)
  A phantom (D:5)
  2 bullfrogs
  A scorpion (D:5)
  Dowan (D:5)
  2 killer bees (D:8)
  A howler monkey (D:5)
  2 orc priests
  A hound (D:4)
  A gnoll shaman (D:5)
  Ijyb (D:5)
  3 iguanas (D:5)
  An orc wizard (D:4)
  15 gnolls
  4 adders
  A worm (D:3)
  4 dart slugs
  14 orcs
  8 endoplasms
  6 giant cockroaches
  9 goblins
  8 hobgoblins
  3 jackals (D:3)
  9 kobolds
  5 quokkas
  8 ball pythons
  5 bats
  3 frilled lizards
  4 rats
128 creatures vanquished.

Vanquished Creatures (others)
  5 plants (D:4)
  2 withered plants (D:5)
7 creatures vanquished.

Grand Total: 135 creatures vanquished

Notes
Turn   | Place    | Note
-------+----------+-------------------------------------------
     0 | D:1      | petzl the Formicid Arcane Marksman began the quest for the
                  | Orb.
     0 | D:1      | Reached XP level 1. HP: 15/15 MP: 2/2
    91 | D:1      | You fall into a shaft and drop 1 floor!
   400 | D:4      | Noticed a lemure
   400 | D:4      | Noticed a lemure
   400 | D:4      | Noticed a lemure
   400 | D:4      | Noticed a lemure
   401 | D:4      | Noticed Pikel
   494 | D:4      | Noticed an orc priest
   724 | D:2      | Reached XP level 2. HP: 21/21 MP: 3/3
   805 | D:2      | Reached skill level 1 in Maces & Flails
   928 | D:1      | Reached XP level 3. HP: 11/26 MP: 4/4
  1910 | D:3      | Noticed a black bear
  2004 | D:2      | Reached skill level 1 in Stealth
  2004 | D:2      | Reached XP level 4. HP: 30/33 MP: 3/5
  2005 | D:2      | Reached skill level 1 in Armour
  2080 | D:1      | You fall into a shaft and drop 1 floor!
  2959 | D:1      | You fall into a shaft and drop 1 floor!
  3280 | D:1      | Found a faded altar of an unknown god.
  3557 | D:3      | Reached XP level 5. HP: 38/38 MP: 1/6
  3711 | D:3      | Noticed Sigmund
  4204 | D:4      | Noticed a bullfrog
  4211 | D:4      | Killed a bullfrog
  4212 | D:4      | Reached skill level 1 in Long Blades
  4345 | D:4      | Found an opulent altar of Gozag.
  4361 | D:4      | Identified a scroll of acquirement
  4366 | D:4      | Noticed Edmund
  4374 | D:4      | Killed Edmund
  4375 | D:4      | Reached skill level 2 in Spellcasting
  4375 | D:4      | Reached skill level 1 in Evocations
  4375 | D:4      | Reached XP level 6. HP: 35/46 MP: 6/9
  4616 | D:3      | Killed Pikel
  4617 | D:3      | Reached skill level 3 in Spellcasting
  4617 | D:3      | Reached XP level 7. HP: 23/52 MP: 9/12
  4617 | D:3      | Reached XP level 8. HP: 25/58 MP: 9/13
  5292 | D:4      | Noticed Menkaure
  5303 | D:4      | Killed Menkaure
  5304 | D:4      | Reached skill level 4 in Spellcasting
  5588 | D:5      | Entered Level 5 of the Dungeon
  5691 | D:4      | Found a blossoming altar of Fedhas.
  6044 | D:5      | Found a runed translucent door.
  6044 | D:5      | Noticed FludoriRambler's ghost (novice OgHu)
  6447 | D:5      | Found a glowing silver altar of Zin.
  6643 | D:5      | Noticed Eustachio
  6673 | D:5      | Killed Eustachio
  6674 | D:5      | Reached XP level 9. HP: 36/65 MP: 13/16
  6868 | D:6      | Reached skill level 5 in Spellcasting
  7068 | D:5      | Reached skill level 5 in Stealth
  7266 | D:5      | Noticed Ijyb
  7285 | D:5      | Killed Ijyb
  7557 | D:5      | Noticed Dowan
  7584 | D:5      | Killed Dowan
  8379 | D:5      | Noticed Duvessa
  8394 | D:4      | You fall into a shaft and drop 3 floors!
  8498 | D:7      | Noticed Harold
  8513 | D:6      | You fall into a shaft and drop 2 floors!
  8558 | D:9      | Noticed a two-headed ogre
  8590 | D:8      | Reached skill level 5 in Fighting
  8601 | D:8      | Reached skill level 6 in Spellcasting
  8607 | D:8      | You fall into a shaft and drop 2 floors!
  8607 | D:10     | Entered Level 10 of the Dungeon
  8609 | D:10     | Slain by an orc warrior

Illustrated notes

Levels and vault maps discovered:
D:1:      dpeg_arrival_ternary, layout_rooms,
          hellmonk_ecumenical_altar_heavens_door, chequers_garden, st_stairs_4,
          minmay_octomino_e4
D:2:      layout_basic
D:3:      layout_rooms, serial_park_tiny_pond, minmay_vboxes, uniq_sigmund
D:4:      layout_basic, grunt_gozag_statues, lemuel_tele_altar,
          serial_bayou_crossing, uniq_menkaure, uniq_edmund, uniq_pikel
D:5:      layout_basic, mainiacjoe_overflow_six_doors_small,
          gammafunk_ghost_grave, corexii_leaking_fountain, minmay_pentangle,
          uniq_duvessa, uniq_ijyb, uniq_eustachio
D:6:      layout_basic, minmay_misc_feat_ornament, uniq_blork_the_orc
D:7:      layout_layer_cave, palyth_temple_overflow_mages,
          nicolae_tso_swordbearing_angel, nzn_hepliaklqana_mist_gate,
          mainiacjoe_overflow_alcove_4, lemuel_temple_firewalk_b, uniq_harold,
          uniq_prince_ribbit1
D:8:      layout_loops_cross, slow_altar_1
D:9:      layout_irregular_city, mainiacjoe_overflow_boulevard,
          lemuel_coloured_pillars_altar, lair_entry_dummy, grunt_ministairs_9
D:10:     layout_loops_ring, david_orc_1_choice, small_chamber_with_monster,
          serial_nicolae_subway, nicolae_sub_station_metal,
          nicolae_sub_station_stone, nicolae_sub_station_crystal, uniq_maurice

Skill      XL: |  1  2  3  4  5  6  7  8  9 |
---------------+----------------------------+-----
Maces & Flails | 1 2 |  2.0
Dodging        | 2 3 4 |  4.0
Stealth        | 1 2 3 4 5 |  5.6
Armour         | 1 2 4 |  4.0
Fighting       | 2 3 4 5 |  5.0
Long Blades    | 1 3 |  3.0
Spellcasting   | 2 3 4 6 |  6.0
Evocations     | 1 2 3 |  3.0
Crossbows      | |  2.1
Hexes          | |  3.7

Action                   |  1- 3 |  4- 6 |  7- 9 || total
-------------------------+-------+-------+-------++-------
Melee: Unarmed           |    32 |       |       ||    32
       Club              |     2 |       |       ||     2
       Flail             |    92 |    64 |       ||   156
       Punch             |     1 |     1 |     6 ||     8
       Long sword        |       |    98 |   383 ||   481
Throw: Stone             |     4 |    15 |    17 ||    36
 Cast: Slow              |    12 |    31 |    77 ||   120
 Abil: Shaft Self        |     1 |     2 |     4 ||     7
       Dig               |       |     1 |     2 ||     3
Evoke: Wand              |       |     9 |     7 ||    16
  Use: Scroll            |       |     4 |       ||     4
       Potion            |       |       |     4 ||     4
 Stab: Sleeping          |       |       |     2 ||     2
Armor: Robe              |    14 |       |       ||    14
       Ring mail         |    36 |    85 |   184 ||   305
       Skin              |       |       |    13 ||    13
Dodge: Dodged            |    78 |   111 |   207 ||   396

Table legend: (Time is in decaauts)
 A = Elapsed time spent in this place.
 B = Non-inter-level travel time spent in this place.
 C = Inter-level travel time spent in this place.
 D = Time resting spent in this place.
 E = Time spent auto-exploring this place.
 F = Levels seen in this place.
 G = Mean time per level.
                   A        B        C        D        E       F      G
               +--------+--------+--------+--------+--------+-----+--------+
         Total |   8832 |   8392 |    440 |   3482 |   1616 |  10 |  883.2 |
       Dungeon |   8832 |   8392 |    440 |   3482 |   1616 |  10 |  883.2 |
               +--------+--------+--------+--------+--------+-----+--------+

Top non-repeatable levels by time:
     D:5: 2064 daAuts
     D:4: 1730 daAuts
     D:2: 1637 daAuts
     D:3: 1566 daAuts
     D:1: 1440 daAuts
     D:6: 183 daAuts
     D:7: 110 daAuts
     D:8: 95 daAuts
     D:9: 1 daAuts
    D:10: 1 daAuts
